 Dungeon Crawl Stone Soup version 0.27-a0-1280-g9d2d252d84 (webtiles) character file.

Game seed: 17115854873290966917

271 Johnny the Magician (level 6, -4/37 HPs)
             Began as a Deep Elf Earth Elementalist on June 13, 2021.
             Slain by a scorpion (6 damage)
             ... on level 4 of the Dungeon.
             The game lasted 00:03:05 (4448 turns).

Johnny the Magician (Deep Elf Earth Elementalist)   Turns: 4448, Time: 00:03:05

Health: -4/37      AC:  2    Str:  5    XL:     6   Next: 2%
Magic:  10/15      EV: 12    Int: 22    God:
Gold:   143        SH:  0    Dex: 15    Spells: 10/14 levels left

rFire    . . .     SeeInvis .   t - +0 short sword (venom)
rCold    . . .     Faith    .   (no shield)
rNeg     . . .     Spirit   .   c - +0 robe
rPois    .         Reflect  .   r - +0 hat
rElec    .         Harm     .   (no cloak)
rCorr    .         Rampage  .   (no gloves)
Will     .....                  (no boots)
Stlth    ++........             (no amulet)
HPRegen  0.12/turn              (no ring)
MPRegen  0.14/turn              (no ring)

@: lethally poisoned (-4 -> -20)
A: no striking features
a: no special abilities


You were on level 4 of the Dungeon.
You visited 1 branch of the dungeon, and saw 4 of its levels.

You collected 233 gold pieces.
You spent 90 gold pieces at shops.

Inventory:

Hand Weapons
 p - a +0 dagger of electrocution
 t - a +0 short sword of venom (weapon)
Missiles
 b - 117 stones
 f - 3 atropa-tipped darts
Armour
 c - a +0 robe (worn)
 n - a +0 buckler
 r - a +0 hat (worn)
Magical Staves
 j - a staff of air
Jewellery
 l - a ring of fire
Scrolls
 a - 6 scrolls of identify {unknown}
 g - a scroll of magic mapping {unknown}
 i - a scroll of silence {unknown}
 k - a scroll of enchant armour {unknown}
 m - a scroll of noise {unknown}
 s - a scroll of blinking {unknown}
 u - a scroll of teleportation {unknown}
Potions
 d - a potion of berserk rage {unknown}
 e - 3 potions of curing
 h - 2 potions of lignification
 o - a potion of mutation {unknown}
 q - a potion of invisibility {unknown}


   Skills:
 * Level 3.2 Fighting
 - Level 2.4 Dodging
 - Level 2.4 Stealth
 + Level 0.9 Shields
 + Level 4.8 Spellcasting
 - Level 1.1 Transmutations
 + Level 4.5 Earth Magic


You had 10 spell levels left.
You knew the following spells:

 Your Spells              Type           Power      Damage    Failure   Level
a - Sandblast             Erth           50%        2d12      1%          1
b - Stone Arrow           Conj/Erth      30%        3d8       12%         3

Your spell library contained the following spells:

 Spells                   Type           Power      Damage    Failure   Level
 Passwall                 Tmut/Erth      14%        N/A       4%          2
 Summon Small Mammal      Summ           20%        N/A       11%         1
 Call Imp                 Summ           5%         N/A       16%         2
 Call Canine Familiar     Summ           5%         N/A       30%         3
 Summon Guardian Golem    Hex/Summ       5%         N/A       30%         3
 Petrify                  Tmut/Erth      17%        N/A       32%         4
 Lee's Rapid Deconstruct  Erth           12%        3d10*     41%         5
 Summon Ice Beast         Ice/Summ       5%         N/A       71%         4
 Summon Lightning Spire   Summ/Air       5%         N/A       71%         4


Dungeon Overview and Level Annotations

Branches:
Dungeon (4/15)
 Temple: D:4-7

Altars:
Wu Jian

Shops:
D:3 !   D:4 [


Message History

The blast of sand hits the scorpion but does no damage.
The scorpion is heavily wounded.
The kobold hits you with a +0 whip. The scorpion stings you.
You are poisoned.
The scorpion poisons you!
Casting: Sandblast (safe; 1% risk of failure)
Confirm with . or Enter, or press ? or * to list all spells.
Aiming: Sandblast (safe; 1% risk of failure)
Press: ? - help, Shift-Dir - straight line, f/p - scorpion
Aim: a scorpion (heavily wounded, 81% to hit)
The blast of sand hits the scorpion but does no damage.
The scorpion is heavily wounded.
You feel very sick. The scorpion stings you.
You are lethally poisoned!
The scorpion poisons you! The kobold hits you with a +0 whip.
Casting: Sandblast (safe; 1% risk of failure)
Confirm with . or Enter, or press ? or * to list all spells.
Aiming: Sandblast (safe; 1% risk of failure)
Press: ? - help, Shift-Dir - straight line, f/p - scorpion
Aim: a scorpion (heavily wounded, 81% to hit)
The blast of sand hits the scorpion but does no damage.
The scorpion is heavily wounded.
* * * LOW HITPOINT WARNING * * *
You feel very sick. The scorpion stings you.
* * * LOW HITPOINT WARNING * * *
The kobold barely misses you.
Casting: Sandblast (safe; 1% risk of failure)
Confirm with . or Enter, or press ? or * to list all spells.
Aiming: Sandblast (safe; 1% risk of failure)
Press: ? - help, Shift-Dir - straight line, f/p - scorpion
Aim: a scorpion (heavily wounded, 81% to hit)
The blast of sand hits the scorpion.
The scorpion is severely wounded.
* * * LOW HITPOINT WARNING * * *
You feel very sick. The scorpion barely misses you.
The kobold closely misses you. The scorpion stings you.
You die...

..# ..........#.## #.#
#.# ....#
.............# #.# #.#
....# .........#.#.#
#.# #.# ####.
.........#...# #.# #.#
.........##..###.# #.#
.................# #.#
####....###..#######.#
..........##>........#
......s@..############
......K...#
..........#
###.......# +.......#
+.......# +.......#
#########


You could see a scorpion and a kobold.

Vanquished Creatures
  A black bear (D:4)
  An orc priest (D:3)
  An orc wizard (D:3)
  2 adders
  An ufetubus (D:4)
  2 worms
  4 dart slugs
  13 orcs
  3 endoplasms
  2 giant cockroaches
  5 goblins
  3 hobgoblins
  11 jackals
  2 quokkas
  2 ball pythons (D:2)
  4 bats
  6 frilled lizards
  7 kobolds
  6 rats
76 creatures vanquished.

Notes
Turn   | Place    | Note
-------+----------+-------------------------------------------
     0 | D:1      | Johnny the Deep Elf Earth Elementalist began the quest for
                  | the Orb.
     0 | D:1      | Reached XP level 1. HP: 10/10 MP: 6/6
   344 | D:1      | Found a faded altar of an unknown god.
   363 | D:1      | Reached XP level 2. HP: 16/16 MP: 6/8
   544 | D:1      | Reached skill level 1 in Fighting
   965 | D:2      | Reached XP level 3. HP: 20/20 MP: 6/10
  2045 | D:3      | Reached XP level 4. HP: 7/26 MP: 7/12
  3382 | D:3      | Found Uci Xeoc's Distillery.
  3391 | D:3      | Bought 2 potions of curing for 60 gold pieces
  3391 | D:3      | Bought a potion of lignification for 30 gold pieces
  3413 | D:4      | Reached XP level 5. HP: 26/31 MP: 11/13
  3528 | D:4      | Noticed a black bear
  3549 | D:4      | Killed a black bear
  4095 | D:4      | Found Hacal's Armour Emporium.
  4099 | D:4      | Reached XP level 6. HP: 37/37 MP: 10/15
  4105 | D:4      | Learned a level 3 spell: Stone Arrow
  4232 | D:4      | Found an ornate altar of the Wu Jian Council.
  4448 | D:4      | Slain by a scorpion

Illustrated notes

Levels and vault maps discovered:
D:1:      nzn_arrival_water_spiral, layout_loops_ring,
          shapermc_ecumenical_altar_totnotflames, kennysheep_crisscross,
          solitary_fountain
D:2:      layout_loops_ring, serial_glass, glass_columns_b, glass_columns_a,
          grunt_ministairs_11
D:3:      layout_basic, serial_shops, nicolae_shop_crystal, serial_bayou_ford_a
D:4:      layout_basic, amcnicky_altar_gilded, serial_shops, shop,
          gup_sewer_entry_bubbles, kennysheep_cross_bottleneck

Skill      XL: |  1  2  3  4  5 |
---------------+----------------+-----
Fighting       | 1 2 3 |  3.2
Spellcasting   | 4 |  4.8
Earth Magic    | 4 |  4.5
Dodging        | |  2.4
Stealth        | |  2.4
Shields        | |  0.9
Transmutations | |  1.1

Action                   |  1- 3 |  4- 6 || total
-------------------------+-------+-------++-------
Melee: Unarmed           |    21 |       ||    21
       Staff             |    25 |    18 ||    43
       Dagger            |       |    25 ||    25
       Short sword       |       |     6 ||     6
 Cast: Sandblast         |    46 |    43 ||    89
  Use: Potion            |       |     2 ||     2
 Stab: Sleeping          |     2 |     1 ||     3
Armor: Robe              |    10 |     8 ||    18
       Skin              |       |    10 ||    10
Dodge: Dodged            |    43 |    59 ||   102

Table legend: (Time is in decaauts)
 A = Elapsed time spent in this place.
 B = Non-inter-level travel time spent in this place.
 C = Inter-level travel time spent in this place.
 D = Time resting spent in this place.
 E = Time spent auto-exploring this place.
 F = Levels seen in this place.
 G = Mean time per level.
                   A        B        C        D        E       F      G
               +--------+--------+--------+--------+--------+-----+--------+
         Total |   4469 |   4407 |     62 |    530 |   3403 |   4 | 1117.2 |
       Dungeon |   4469 |   4407 |     62 |    530 |   3403 |   4 | 1117.2 |
               +--------+--------+--------+--------+--------+-----+--------+

Top non-repeatable levels by time:
     D:3: 1465 daAuts
     D:2: 1099 daAuts
     D:4: 1042 daAuts
     D:1: 862 daAuts
